 Dungeon Crawl Stone Soup version 0.29.1-12-g30fa7ad0bf (webtiles) character file.

Game seed: 13398101180774529562

14 hawla the Firebug (level 2, -1/20 HPs)
             Began as a Meteoran Fire Elementalist on Jan 13, 2023.
             Slain by a hobgoblin (4 damage)
             ... on level 1 of the Dungeon.
             The game lasted 00:01:28 (249 turns).

hawla the Firebug (Meteoran Fire Elementalist)       Turns: 249, Time: 00:01:30

Health: -1/20      AC:  2    Str:  9    XL:     2   Next: 82%
Magic:  0/6        EV: 12    Int: 16    God:
Gold:   37         SH:  0    Dex: 14    Spells: 5/6 levels left

rFire   . . .      SeeInvis .   (no weapon)
rCold   . . .      Faith    .   (no shield)
rNeg    . . .      Spirit   .   a - +0 robe
rPois   .          Reflect  .   (no helmet)
rElec   .          Harm     .   (no cloak)
rCorr   .          Rampage  .   (no gloves)
Will    .....                   (no boots)
Stlth   +.........              (no amulet)
HPRegen 0.06/turn               (no ring)
MPRegen 0.10/turn               (no ring)

@: glowing, invisible (but backlit and visible)
A: sense surroundings 1, otherworldly, glowing, explore regen
a: no special abilities


You were on level 1 of the Dungeon.
You visited 1 branch of the dungeon, and saw 1 of its levels.

You collected 37 gold pieces.

Inventory:

Armour
 a - a +0 robe (worn)
Scrolls
 h - a scroll of teleportation {unknown}
Potions
 b - a potion of magic
 e - a potion of brilliance {unknown}
 f - 2 potions of ambrosia {unknown}
 g - a potion of heal wounds {unknown}


   Skills:
 + Level 2.7 Dodging
 + Level 1.5 Stealth
 + Level 2.9 Spellcasting
 + Level 1.2 Conjurations
 + Level 4.1 Fire Magic


You had 5 spell levels left.
You knew the following spells:

 Your Spells              Type           Power      Damage    Failure   Level
a - Foxfire               Conj/Fire      44%        2x1d6     6%          1

Your spell library contained the following spells:

 Spells                   Type           Power      Damage    Failure   Level
 Scorch                   Fire           30%        2d6       5%          2
 Conjure Flame            Conj/Fire      11%        6-21      19%         3
 Inner Flame              Hex/Fire       8%         N/A       24%         3
 Flame Wave               Conj/Fire      11%        2d6       52%         4


Dungeon Overview and Level Annotations

Branches:
Dungeon (1/15) Zot: 350

Altars:


Innate Abilities, Weirdness & Mutations

You passively map a small area around you.
You are easily found by Zot.
You glow in the dark.
You regain HP and MP as you explore.


Message History

Confirm with . or Enter, or press ? or * to list all spells.
You conjure some foxfire!
The foxfire hits the kobold.
The kobold is moderately wounded.
The foxfire hits the kobold but does no damage.
The kobold is moderately wounded.
A hobgoblin and a kobold come into view.
The hobgoblin shouts!
You hear a shout!
The foxfire hits the quokka.
The quokka is moderately wounded.
The quokka bites you.
A hobgoblin comes into view.
A hobgoblin comes into view.
The quokka bites you but does no damage.
A goblin comes into view.
It is wielding a +1 dagger of holy wrath.
The hobgoblin shouts!
The goblin shouts!
The kobold shouts!
You hear a shout!
The quokka bites you.
A ball python comes into view.
A hobgoblin comes into view.
The quokka bites you.
A hobgoblin comes into view.
Casting: Foxfire (safe; 6% risk of failure)
Confirm with . or Enter, or press ? or * to list all spells.
You conjure some foxfire!
The hobgoblin shouts! x2
The quokka barely misses you.
A goblin comes into view. It is wielding a +0 dagger.
The hobgoblin hits you. The hobgoblin closely misses you.
The goblin shouts!
You hit the hobgoblin but do no damage.
The foxfire hits the quokka but does no damage.
The quokka is moderately wounded.
The quokka bites you.
* * * LOW HITPOINT WARNING * * *
The hobgoblin hits you but does no damage. x2
It was a potion of invisibility.
You become transparent, but the glow from your body prevents you from becoming completely invisible.
The quokka bites you.
* * * LOW HITPOINT WARNING * * *
The hobgoblin hits you but does no damage.
The hobgoblin hits you.
You die... * * , ... , , ** ... . , , #.#* #.. . , * , #.# gg..

.. * * #.####.... #.##*
## ###.#.....
...*#..####.#K#.#.#.#
#.###....)..Kr@gg..#
###.......)#.#.#g#.###
, .####..........Bgg..#
...#.......#.#†#.#.##*
)..†......#.........#*
*
##.###...###.#.#>#.#..
* #........#
............
........#..#.#.#.#.#...
.#....#.#.## ,


You could see a quokka, a giant cockroach, 4 hobgoblins, 2 goblins and 2
kobolds.

Vanquished Creatures
  A ball python (D:1)
  2 endoplasms (D:1)
  3 quokkas (D:1)
  2 bats (D:1)
  3 goblins (D:1)
  A kobold (D:1)
12 creatures vanquished.

Vanquished Creatures (others)
  24 foxfires (D:1)
24 creatures vanquished.

Grand Total: 36 creatures vanquished

Notes
Turn   | Place    | Note
-------+----------+-------------------------------------------
     0 | D:1      | hawla the Meteoran Fire Elementalist began the quest for
                  | the Orb.
     0 | D:1      | Reached XP level 1. HP: 14/14 MP: 5/5
   195 | D:1      | Reached XP level 2. HP: 15/20 MP: 0/6
   240 | D:1      | Reached skill level 4 in Fire Magic
   249 | D:1      | Slain by a hobgoblin

Illustrated notes

Levels and vault maps discovered:
D:1:      dpeg_cavernosity, layout_rooms, st_stairs_9

Skill      XL: |  1  2 |
---------------+-------+-----
Fire Magic     | 4 |  4.1
Dodging        | |  2.7
Stealth        | |  1.5
Spellcasting   | |  2.9
Conjurations   | |  1.2

Action                   || total
-------------------------++-------
Melee: Unarmed           ||     4
 Cast: Foxfire           ||    16
  Use: Scroll            ||     1
       Potion            ||     1
Armor: Robe              ||    11
Dodge: Dodged            ||     9
